[Event "14th Chennai GM Open 2023"]
[Site "Chennai"]
[Date "2024.01.01"]
[Round "2.3"]
[White "Fedorov, Alexei"]
[Black "Mitul K H"]
[Result "1-0"]
[ECO "C54"]
[WhiteElo "2454"]
[BlackElo "1679"]
[Annotator "RC"]
[PlyCount "97"]
[EventDate "2023.12.31"]
[EventType "swiss"]
[EventCountry "IND"]
[SourceTitle "playchess.com"]
[Source "ChessBase"]
[SourceQuality "1"]
[TimeControl "5400+30"]

1. e4 e5 2. Nf3 Nc6 3. Bc4 Bc5 4. d3 Nf6 5. Nbd2 d6 6. c3 O-O 7. h3 a6 8. a4 Ba7 9. O-O h6 10. Re1 Be6 11. Bxe6 fxe6 12. Nf1 Qe8 13. Be3 Bxe3 14. Rxe3 Rb8 15. b4 Ne7 16. Qb3 Ng6 17. g3 Kh8 18. N1h2 Qf7 19. Ra2 b6 20. b5 a5 21. Rc2 Nd7 22. d4 Rbc8 23. Rd2 exd4 24. cxd4 e5 25. d5 Nc5 26. Qd1 Qd7 27. Kg2 Rf7 28. h4 Rcf8 29. h5 Ne7 30. Nh4 Rf6 31. Ng4 R6f7 32. f3 Qd8 33. Re1 Kh7 34. Rf2 Nd7 35. Qc2 Kh8 36. Ng6+ Nxg6 37. hxg6 Re7 38. Qc1 Qe8 39. Nxh6 Qxg6 40. Rh1 Ree8 41. Rh4 Nf6 42. Nf5+ Kg8 43. Rc2 Rf7 44. Rxc7 Rxc7 45. Qxc7 Qg5 46. Nxd6 Rf8 47. Qe7 Nh7 48. Qe6+ Kh8 49. Nf7+ 1-0

[Event "14th Chennai GM Open 2023"]
[Site "Chennai"]
[Date "2024.01.01"]
[Round "2.4"]
[White "Rupesh Reddy Y"]
[Black "Glek, Igor"]
[Result "0-1"]
[ECO "A41"]
[WhiteElo "1687"]
[BlackElo "2429"]
[Annotator "RC"]
[PlyCount "116"]
[EventDate "2023.12.31"]
[EventType "swiss"]
[EventCountry "IND"]
[SourceTitle "playchess.com"]
[Source "ChessBase"]
[SourceQuality "1"]
[TimeControl "5400+30"]

1. d4 g6 2. c4 Bg7 3. Nf3 d6 4. Bf4 Nd7 5. e3 e5 6. Bg5 Ne7 7. Nc3 h6 8. Bxe7 Qxe7 9. Be2 O-O 10. O-O c6 11. dxe5 dxe5 12. Nd2 f5 13. Rb1 e4 14. Qc2 Ne5 15. b4 Be6 16. c5 a5 17. a3 axb4 18. axb4 Ra3 19. Nb3 Nd3 20. Nd4 Bxd4 21. exd4 Nf4 22. Rfe1 Qg5 23. g3 Nh3+ 24. Kg2 f4 25. Qxe4 f3+ 26. Bxf3 Bf5 27. Qe3 Bxb1 28. Kxh3 Rxf3 29. Qxf3 Qf5+ 30. Qg4 h5 31. Qxf5 Bxf5+ 32. Kh4 Rxc3 33. Re7 Rc4 34. Rxb7 Rxd4+ 35. Kg5 Kf8 36. Rb6 Ke7 37. Rxc6 Rg4+ 38. Kh6 Rxb4 39. f3 Rb2 40. h3 Rh2 41. g4 hxg4 42. fxg4 Rxh3+ 43. Kg7 Be4 44. Rc7+ Ke6 45. Rc8 Rg3 46. Re8+ Kd5 47. c6 Rc3 48. Kf6 Rxc6+ 49. Kg5 Kd4 50. Kf4 Rf6+ 51. Kg5 Rf1 52. Kh6 Ke3 53. Kg5 Rg1 54. Rf8 Bf5 55. Rxf5 gxf5 56. Kxf5 Kf3 57. g5 Kg3 58. g6 Kh4 0-1

[Event "14th Chennai GM Open 2023"]
[Site "Chennai"]
[Date "2024.01.01"]
[Round "2.5"]
[White "Ajay Karthikeyan"]
[Black "Aarush Rajesh"]
[Result "1-0"]
[ECO "A00"]
[WhiteElo "2423"]
[BlackElo "1670"]
[Annotator "RC"]
[PlyCount "117"]
[EventDate "2023.12.31"]
[EventType "swiss"]
[EventCountry "IND"]
[SourceTitle "playchess.com"]
[Source "ChessBase"]
[SourceQuality "1"]
[TimeControl "5400+30"]

1. b4 Nf6 2. Bb2 g6 3. e4 Bg7 4. e5 Nd5 5. a3 d6 6. c4 Nb6 7. Nf3 Nc6 8. d4 dxe5 9. d5 Nd4 10. Nxd4 exd4 11. Bxd4 O-O 12. Bxg7 Kxg7 13. Nc3 e6 14. Qd4+ Qf6 15. Qxf6+ Kxf6 16. O-O-O a5 17. b5 Nd7 18. dxe6 fxe6 19. Be2 Nc5 20. Bf3 Rb8 21. Kc2 b6 22. Rhe1 Bb7 23. Bxb7 Rxb7 24. Ne4+ Nxe4 25. Rxe4 Ke7 26. f3 Rbb8 27. Rde1 Rf6 28. Kc3 Rd8 29. Re5 Rd6 30. c5 bxc5 31. Rxc5 Kd7 32. Re4 Rd5 33. Kc4 Rff5 34. Rd4 Rxd4+ 35. Kxd4 Rf4+ 36. Kc3 Ra4 37. Kb3 Rd4 38. Rc4 Rd2 39. Rg4 Kd6 40. Ka4 Rd3 41. Rc4 Rd2 42. g3 Rxh2 43. Kxa5 Rg2 44. g4 Rg3 45. Rd4+ Ke7 46. Ka6 Rxf3 47. a4 e5 48. Rc4 Rf4 49. Rxc7+ Kd8 50. Rxh7 Rxa4+ 51. Kb7 Rxg4 52. b6 Rg1 53. Ka8 e4 54. Ra7 e3 55. b7 Rb1 56. b8=Q+ Rxb8+ 57. Kxb8 g5 58. Ra5 Ke7 59. Rxg5 1-0

[Event "14th Chennai GM Open 2023"]
[Site "Chennai"]
[Date "2024.01.01"]
[Round "2.6"]
[White "Sanjay Thiruvengadam"]
[Black "Viani Antonio Dcunha"]
[Result "0-1"]
[ECO "A00"]
[WhiteElo "1678"]
[BlackElo "2407"]
[Annotator "RC"]
[PlyCount "70"]
[EventDate "2023.12.31"]
[EventType "swiss"]
[EventCountry "IND"]
[SourceTitle "playchess.com"]
[Source "ChessBase"]
[SourceQuality "1"]
[TimeControl "5400+30"]

1. b4 e5 2. Bb2 Bxb4 3. Bxe5 Nf6 4. e3 d5 5. Nf3 O-O 6. Be2 c5 7. O-O Nc6 8. Bf4 Re8 9. c3 Ba5 10. d3 b5 11. a4 b4 12. cxb4 Bxb4 13. Qc2 h6 14. d4 c4 15. Nc3 Bg4 16. Nb5 Rc8 17. Ne5 Bxe2 18. Qxe2 a6 19. Nxc6 Rxc6 20. Qb2 Ba5 21. Qa3 Ne4 22. f3 Nd2 23. Nd6 Nxf1 24. Nxe8 Nxe3 25. Qxe3 Re6 26. Qf2 Qxe8 27. Kf1 Bc3 28. Rb1 Qxa4 29. h3 a5 30. Be5 f6 31. Bf4 Bb4 32. h4 c3 33. Rc1 Ba3 34. Rc2 Bd6 35. Bxd6 Qa1+ 0-1

[Event "14th Chennai GM Open 2023"]
[Site "Chennai"]
[Date "2024.01.01"]
[Round "2.7"]
[White "Nitin, S.."]
[Black "Lakshmi Charan Naidu G"]
[Result "1-0"]
[ECO "B23"]
[WhiteElo "2385"]
[BlackElo "1652"]
[Annotator "RC"]
[PlyCount "67"]
[EventDate "2023.12.31"]
[EventType "swiss"]
[EventCountry "IND"]
[SourceTitle "playchess.com"]
[Source "ChessBase"]
[SourceQuality "1"]
[TimeControl "5400+30"]

1. e4 c5 2. Nc3 Nc6 3. Bb5 Nd4 4. Nf3 g6 5. Nxd4 cxd4 6. Ne2 Bg7 7. c3 a6 8. Bc4 Qc7 9. Qb3 e6 10. cxd4 b5 11. Bd3 Bb7 12. a4 f5 13. axb5 fxe4 14. bxa6 Bd5 15. Qc2 Qxc2 16. Bxc2 Bc4 17. Ra4 d5 18. Nf4 Kf7 19. d3 Bb5 20. Ra5 Bxa6 21. dxe4 Ne7 22. Be3 Rhc8 23. Kd2 Nc6 24. Ra4 e5 25. Nxd5 exd4 26. Bf4 d3 27. Bxd3 Bxd3 28. Rxa8 Rxa8 29. Kxd3 Bxb2 30. Rb1 Ra3+ 31. Kc4 Ba1 32. Rb7+ Ke6 33. Nc7+ Kf6 34. Rb6 1-0

[Event "14th Chennai GM Open 2023"]
[Site "Chennai"]
[Date "2024.01.01"]
[Round "2.8"]
[White "Vengatesh Krishnan C"]
[Black "Tologon tegin, Semetei"]
[Result "0-1"]
[ECO "A36"]
[WhiteElo "1664"]
[BlackElo "2384"]
[Annotator "RC"]
[PlyCount "86"]
[EventDate "2023.12.31"]
[EventType "swiss"]
[EventCountry "IND"]
[SourceTitle "playchess.com"]
[Source "ChessBase"]
[SourceQuality "1"]
[TimeControl "5400+30"]

1. c4 g6 2. Nc3 Bg7 3. g3 c5 4. Bg2 Nc6 5. d3 e6 6. e4 Nge7 7. Nge2 d6 8. h3 a6 9. Be3 Nd4 10. O-O O-O 11. f4 f5 12. Rc1 Rb8 13. Kh2 Bd7 14. b3 Nec6 15. Bd2 b5 16. Nxd4 Nxd4 17. Ne2 bxc4 18. dxc4 Bc6 19. Nxd4 Bxd4 20. Qe2 Qd7 21. exf5 Bxg2 22. Kxg2 gxf5 23. Rce1 e5 24. Qf3 e4 25. Qe2 a5 26. Bxa5 Qa7 27. Bd2 Qxa2 28. g4 Rxb3 29. Bc1 Qa8 30. gxf5 Kh8 31. Qxe4 Rg8+ 32. Kh2 Qxe4 33. Rxe4 Rgg3 34. Rfe1 Rxh3+ 35. Kg2 Rbg3+ 36. Kf1 Rh1+ 37. Ke2 Rh2+ 38. Kd1 Rd3+ 39. Bd2 Rdxd2+ 40. Kc1 Rc2+ 41. Kb1 Rb2+ 42. Kc1 Ra2 43. Re8+ Kg7 0-1

[Event "14th Chennai GM Open 2023"]
[Site "Chennai"]
[Date "2024.01.01"]
[Round "2.9"]
[White "Podolchenko, Evgeniy"]
[Black "Naga Sai Sarthak Karanam"]
[Result "1-0"]
[ECO "D46"]
[WhiteElo "2376"]
[BlackElo "1646"]
[Annotator "RC"]
[PlyCount "75"]
[EventDate "2023.12.31"]
[EventType "swiss"]
[EventCountry "IND"]
[SourceTitle "playchess.com"]
[Source "ChessBase"]
[SourceQuality "1"]
[TimeControl "5400+30"]

1. d4 d5 2. c4 c6 3. Nc3 e6 4. e3 Nf6 5. Nf3 Nbd7 6. Qc2 b6 7. b3 Bb7 8. Bb2 Be7 9. Bd3 Rc8 10. O-O O-O 11. Rfe1 Qc7 12. e4 dxe4 13. Nxe4 h6 14. c5 Nxe4 15. Rxe4 Nf6 16. Ree1 bxc5 17. dxc5 Qa5 18. b4 Qc7 19. Be5 Qd7 20. Rad1 Nd5 21. Re4 f6 22. Rg4 Kh8 23. Nh4 g5 24. Ng6+ Kg8 25. Nxf8 Bxf8 26. Bb2 f5 27. Rg3 Nxb4 28. Qc3 Nd5 29. Qh8+ Kf7 30. Bxf5 exf5 31. Re1 Ne7 32. Rge3 f4 33. Qh7+ Ke8 34. Qg6+ Kd8 35. Qf7 fxe3 36. Qxf8+ Qe8 37. Rd1+ Nd5 38. Bf6+ 1-0

[Event "14th Chennai GM Open 2023"]
[Site "Chennai"]
[Date "2024.01.01"]
[Round "2.10"]
[White "Gorli Nyna"]
[Black "Shahil Dey"]
[Result "0-1"]
[ECO "C54"]
[WhiteElo "1652"]
[BlackElo "2368"]
[Annotator "RC"]
[PlyCount "68"]
[EventDate "2023.12.31"]
[EventType "swiss"]
[EventCountry "IND"]
[SourceTitle "playchess.com"]
[Source "ChessBase"]
[SourceQuality "1"]
[TimeControl "5400+30"]

1. e4 e5 2. Nf3 Nc6 3. Bc4 Bc5 4. c3 Nf6 5. d3 a5 6. a4 d6 7. O-O O-O 8. h3 Be6 9. Bxe6 fxe6 10. d4 exd4 11. cxd4 Bb6 12. Nc3 h6 13. Re1 d5 14. exd5 exd5 15. Qd3 Qd6 16. Be3 Rae8 17. Qg6 Ne7 18. Qd3 Nh5 19. Ne5 c6 20. Qd1 Nf4 21. Qg4 Ne6 22. Ne4 dxe4 23. Nc4 h5 24. Qd1 Qb4 25. Nxb6 Rd8 26. d5 cxd5 27. Qxh5 Nf5 28. Qg4 d4 29. Qxe4 Nc5 30. Qe5 dxe3 31. Nd5 exf2+ 32. Kxf2 Nd3+ 33. Kg1 Qc5+ 34. Kh1 Nxe5 0-1

[Event "14th Chennai GM Open 2023"]
[Site "Chennai"]
[Date "2024.01.01"]
[Round "2.11"]
[White "Khusenkhojaev, Muhammad"]
[Black "Aadithya Pradeep"]
[Result "1-0"]
[ECO "D76"]
[WhiteElo "2366"]
[BlackElo "1644"]
[Annotator "RC"]
[PlyCount "119"]
[EventDate "2023.12.31"]
[EventType "swiss"]
[EventCountry "IND"]
[SourceTitle "playchess.com"]
[Source "ChessBase"]
[SourceQuality "1"]
[TimeControl "5400+30"]

1. d4 Nf6 2. c4 g6 3. g3 Bg7 4. Bg2 d5 5. cxd5 Nxd5 6. Nf3 O-O 7. O-O Nb6 8. Nc3 Nc6 9. e3 Re8 10. Re1 a5 11. Rb1 e5 12. d5 Nb4 13. e4 c6 14. a3 Na6 15. dxc6 bxc6 16. Qc2 Be6 17. Ng5 Bg4 18. h3 Bc8 19. Qb3 Rf8 20. Rd1 Qc7 21. Be3 Rb8 22. Rbc1 Bf6 23. Nb5 Qe7 24. Rxc6 Nd7 25. h4 Nac5 26. Qc4 h6 27. Rc7 Na6 28. Rc6 hxg5 29. hxg5 Bg7 30. Nd6 Nac5 31. Nxc8 Rfxc8 32. Rxc8+ Rxc8 33. b4 axb4 34. axb4 Qe6 35. Qxe6 Nxe6 36. Rxd7 Rb8 37. Bd2 Nd4 38. Rd5 Bf8 39. Rxe5 Bxb4 40. Be3 Ne6 41. Bh3 Nf8 42. Kg2 Bd6 43. Ra5 Re8 44. f3 Rb8 45. Ra2 Be7 46. f4 Rb4 47. Kf3 Nh7 48. Rc2 Rb3 49. Ke2 Nf8 50. Rc7 Bd8 51. Rc6 Be7 52. e5 Rb2+ 53. Kf3 Rb3 54. Ke4 Rb4+ 55. Bd4 Ra4 56. Bg4 Ra3 57. Rc3 Ra6 58. Rc7 Bb4 59. Rb7 Ra4 60. Bd1 1-0

[Event "14th Chennai GM Open 2023"]
[Site "Chennai"]
[Date "2024.01.01"]
[Round "2.12"]
[White "Manish Anto Cristiano F"]
[Black "Kashthuri Bhai R"]
[Result "1-0"]
[ECO "C72"]
[WhiteElo "2349"]
[BlackElo "1639"]
[Annotator "RC"]
[PlyCount "115"]
[EventDate "2023.12.31"]
[EventType "swiss"]
[EventCountry "IND"]
[SourceTitle "playchess.com"]
[Source "ChessBase"]
[SourceQuality "1"]
[TimeControl "5400+30"]

1. e4 e5 2. Nf3 Nc6 3. Bb5 a6 4. Ba4 d6 5. c4 Bd7 6. Nc3 Nf6 7. O-O Be7 8. Re1 O-O 9. Bxc6 bxc6 10. d4 exd4 11. Nxd4 c5 12. Nf5 Bxf5 13. exf5 Nd7 14. Bf4 Bf6 15. Qc2 Ne5 16. Nd5 Nc6 17. Rad1 Nd4 18. Qd3 Kh8 19. b4 c6 20. Nxf6 Qxf6 21. bxc5 dxc5 22. Be5 Qxf5 23. Bxd4 Qxd3 24. Bxg7+ Kxg7 25. Rxd3 Rad8 26. Rg3+ Kf6 27. Rf3+ Kg6 28. g3 Rfe8 29. Rb1 Rd4 30. Rb7 f6 31. Rb6 Re6 32. Rc3 a5 33. Ra6 Rd2 34. Rxa5 Ree2 35. Rf3 Rxa2 36. Rxc5 Re6 37. g4 Rd2 38. Rf4 Rd3 39. Kg2 Rd2 40. h4 Rd3 41. Rcf5 Rdd6 42. c5 Rd1 43. Ra4 Rd7 44. Ra8 Rd4 45. h5+ Kh6 46. Rg8 Rd3 47. f3 Rd7 48. Kg3 Rd5 49. Rxd5 cxd5 50. Rd8 Rc6 51. Rxd5 Kg7 52. Kf4 Kf7 53. Rd7+ Ke6 54. Rxh7 Rxc5 55. Rg7 Rc8 56. h6 Rh8 57. h7 Kd6 58. Ke4 1-0

[Event "14th Chennai GM Open 2023"]
[Site "Chennai"]
[Date "2024.01.01"]
[Round "2.13"]
[White "Aarav A"]
[Black "Ravichandran, Siddharth"]
[Result "1/2-1/2"]
[ECO "B22"]
[WhiteElo "1649"]
[BlackElo "2348"]
[Annotator "RC"]
[PlyCount "80"]
[EventDate "2023.12.31"]
[EventType "swiss"]
[EventCountry "IND"]
[SourceTitle "playchess.com"]
[Source "ChessBase"]
[SourceQuality "1"]
[TimeControl "5400+30"]

1. e4 c5 2. c3 d5 3. exd5 Qxd5 4. d4 Nc6 5. Nf3 Bf5 6. Be3 Nf6 7. Bb5 cxd4 8. c4 Qd6 9. Qxd4 e6 10. Qxd6 Bxd6 11. Nd4 O-O 12. Bxc6 bxc6 13. Nxf5 exf5 14. Nc3 Ng4 15. g3 Bb4 16. O-O-O Nxe3 17. fxe3 Bxc3 18. bxc3 Rfe8 19. Rhe1 Re6 20. Rd7 h5 21. Kd2 Rb8 22. Kc2 c5 23. Re2 Ra6 24. Kd3 g6 25. Rd5 Ra5 26. Rd2 Rb1 27. e4 fxe4+ 28. Kxe4 Re1+ 29. Kd3 Kg7 30. Rf2 Rc1 31. a4 Rd1+ 32. Ke3 Re1+ 33. Kd2 Ra1 34. Kd3 Rd1+ 35. Ke3 Re1+ 36. Kd2 Re7 37. Kd3 Re1 38. Kd2 Re7 39. Kd3 Re1 40. Kd2 Re7 1/2-1/2

[Event "14th Chennai GM Open 2023"]
[Site "Chennai"]
[Date "2024.01.01"]
[Round "2.14"]
[White "Manik, Mikulas"]
[Black "Pranav Sai Ram R S"]
[Result "1-0"]
[ECO "B10"]
[WhiteElo "2343"]
[BlackElo "1633"]
[Annotator "RC"]
[PlyCount "85"]
[EventDate "2023.12.31"]
[EventType "swiss"]
[EventCountry "IND"]
[SourceTitle "playchess.com"]
[Source "ChessBase"]
[SourceQuality "1"]
[TimeControl "5400+30"]

1. e4 c6 2. Nf3 d5 3. d3 dxe4 4. dxe4 Qxd1+ 5. Kxd1 Nf6 6. Nfd2 g5 7. f3 g4 8. Nc3 gxf3 9. gxf3 Bh6 10. Nc4 Bxc1 11. Rxc1 Nh5 12. Rg1 Be6 13. Kd2 Nd7 14. Ke3 Bxc4 15. Bxc4 e6 16. f4 Nhf6 17. e5 Nd5+ 18. Nxd5 cxd5 19. Bd3 Ke7 20. c4 dxc4 21. Rxc4 Rac8 22. Rgc1 Rxc4 23. Rxc4 Kd8 24. Be4 Nb6 25. Rc2 h5 26. Bxb7 Rh7 27. b3 Rg7 28. a4 Rg1 29. a5 Nd7 30. Rc8+ Ke7 31. Bc6 Rb1 32. Ba4 Rd1 33. Rc7 a6 34. b4 Kd8 35. Rxd7+ Rxd7 36. Bxd7 Kxd7 37. Kd4 Kc6 38. Kc4 Kb7 39. b5 Kc7 40. bxa6 Kc6 41. h4 Kc7 42. Kc5 Kc8 43. Kd6 1-0

[Event "14th Chennai GM Open 2023"]
[Site "Chennai"]
[Date "2024.01.01"]
[Round "3.1"]
[White "Chandar Raju"]
[Black "Aronyak Ghosh"]
[Result "0-1"]
[ECO "E12"]
[WhiteElo "1901"]
[BlackElo "2545"]
[Annotator "TA"]
[PlyCount "54"]
[EventDate "2023.12.31"]
[EventType "swiss"]
[EventCountry "IND"]
[SourceTitle "playchess.com"]
[Source "ChessBase"]
[SourceQuality "1"]
[TimeControl "5400+30"]

1. d4 Nf6 2. c4 e6 3. Nf3 b6 4. a3 Bb7 5. Nc3 d5 6. e3 Nbd7 {[%emt 0:03:23] E12: Queen's Indian: Unusual White 4th moves, 4 a3, 4 Nc3 Bb7 5 a3 and 4 Nc3 Bb7 .} 7. Qa4 a6 8. cxd5 exd5 {[%emt 0:04:21] The position is equal.} 9. Ne5 {[%emt 0:05:17] [#]} Bd6 $146 (9... b5 $5 10. Qd1 c5 $11) ({Predecessor:} 9... b5 10. Qc2 Nxe5 11. dxe5 Ng4 12. f4 c5 13. Be2 c4 14. Qd1 h5 15. Bf3 Bc5 16. Nxd5 {0-1 Flatschacher,R-Rudolf,P Team-ch L19K2-H(1-3) 2021}) 10. f4 (10. Nxd7 {simplifies} Nxd7 11. g3 O-O 12. Bg2) 10... b5 11. Qc2 c5 12. Qf5 Nf8 13. dxc5 Bxc5 {[%emt 0:00:43] And now ...Ne6 would win.} 14. Ng4 (14. Bd3 $17) 14... N8d7 ({Black should try} 14... Nxg4 $19 15. Qxg4 Ng6) 15. Bd3 (15. Be2 $17) 15... O-O 16. b4 (16. Ne2 $17) 16... Bb6 $19 17. Bb2 {[%emt 0:00:50][%cal Oc3d5] Threatens to win with Nxd5!} Re8 18. Ne2 Kf8 {[%emt 0:02:35] White must now prevent ...Nxg4.} (18... Bxe3 19. Qg5 Qe7 20. Nh6+ Kh8 21. Nf5 $17) 19. Qg5 (19. Bxf6 {is a better defense.} Nxf6 20. Nxf6 Qxf6 21. Qxf6 gxf6 22. Rf1) 19... d4 {[%emt 0:00:43][%mdl 64] [#] Strongly threatening ...Nxg4. Discovered Attack} (19... Bxe3 20. Nxe3 Rxe3 21. Rd1) 20. Ne5 h6 (20... dxe3 $2 21. Rd1 Nxe5 22. fxe5 $19) 21. Qg3 Nxe5 ({Weaker is} 21... dxe3 22. Rd1 Nxe5 23. fxe5 $17) 22. fxe5 Nh5 {[%emt 0:00:03][%mdl 64] Deflection} (22... dxe3 $2 23. exf6 gxf6 24. Rd1 $18) 23. Qg4 (23. Qh3 {was the only defense.} Rxe5 24. O-O) 23... Rxe5 {[%emt 0:00:18][%cal Be8e5,Be5d5,Bd5d7][%mdl 32] Black is clearly winning.} (23... dxe3 $2 {is the wrong capture.} 24. Rd1 Qg5 25. Qxg5 hxg5 26. h4 $17) 24. Bxd4 Bxd4 25. Qxd4 (25. exd4 $142 Rg5 {[%mdl 64] Skewer} 26. Qh4) 25... Rd5 {[%emt 0:01:18][%mdl 64] [#] Skewer} ({Not} 25... Bxg2 26. Qxe5 Bxh1 27. Qc5+ Ke8 28. Qe5+ Kf8 29. Qc5+ Ke8 30. Qe5+ Kf8 $11) 26. Qg4 Nf6 27. Qf3 Rd7 {[%emt 0:25:01][%mdl 64] Discovered Attack. White did not feel at home in the position after the opening.   Weighted Error Value: White=0.56/Black=0.07 (flawless)} 0-1

[Event "14th Chennai GM Open 2023"]
[Site "Chennai"]
[Date "2024.01.01"]
[Round "3.2"]
[White "Srihari L R"]
[Black "Balkishan, A.."]
[Result "1/2-1/2"]
[ECO "E11"]
[WhiteElo "2467"]
[BlackElo "1855"]
[Annotator "TA"]
[PlyCount "90"]
[EventDate "2023.12.31"]
[EventType "swiss"]
[EventCountry "IND"]
[SourceTitle "playchess.com"]
[Source "ChessBase"]
[SourceQuality "1"]
[TimeControl "5400+30"]

1. d4 Nf6 2. c4 e6 3. Nf3 Bb4+ 4. Nbd2 O-O 5. a3 Bxd2+ 6. Nxd2 {[%emt 0:06:51] E11: Bogo-Indian.} (6. Kxd2 d6 $15) 6... d6 7. e4 (7. Qc2 $11) 7... Nc6 $1 $15 8. d5 {[%emt 0:04:45] Black is better.} exd5 9. cxd5 {[%emt 0:01:50] [#]} Nxd5 {[%emt 0:00:46] [#]} 10. exd5 $146 ({Predecessor:} 10. g3 Nf6 11. b4 Qe8 12. Bg2 a5 13. b5 Ne5 14. Qe2 Bd7 15. Rb1 a4 16. f4 {½-½ Malczyk,R (2113)-Matuszewski,M (2175) Ketrzyn op 2007 (4)}) 10... Re8+ 11. Be2 Nd4 12. Nf3 Nxe2 (12... Rxe2+ 13. Kf1 $14) 13. Be3 Nf4 14. O-O Ng6 15. Rc1 Bg4 16. h3 $1 Bxf3 17. Qxf3 Re5 18. Rfd1 Qe7 19. g3 Re8 20. h4 Qd7 21. h5 {[%emt 0:11:46] [#]} Rxe3 $1 22. fxe3 Ne5 23. Qf4 Re7 24. Rd2 f6 25. h6 gxh6 $1 26. Kg2 (26. Qxf6 $2 Rf7 27. Qe6 Nf3+ 28. Kg2 Nxd2 $19) 26... Ng4 27. e4 {[%emt 0:00:46] And now Rdc2 would win.} h5 28. Rc3 Qe8 29. Rd4 Qb5 {[%emt 0:02:14] Hoping for ...Qe2+.} 30. Rd2 {[%emt 0:00:05] Against Qe2+} Qb6 31. Kh1 Qb5 32. Kg2 Qb6 33. Kh1 Qb5 {[%emt 0:01:01][%cal Oe7e4] White must now prevent ...Rxe4!} 34. Qf5 {[%emt 0:00:50] [#]} (34. Kg2 $11 {and White stays safe.}) 34... Rxe4 $3 $19 {[%emt 0:00:24][%cal Oc7c5][%mdl 576] Threatens to win with ...c5! Deflection, Back Rank} 35. a4 (35. Rxc7 Re1+ 36. Kg2 Ne3+ 37. Kh2 Nxf5 38. Rf2 Qxd5 39. Rg2 Ne3 40. Rc8+ Kg7 41. Rc7+ Kg6 42. Rcc2 Qxg2+ 43. Rxg2 Ng4+ 44. Kh3 Rh1+) (35. Qf3 $142) (35. Kg2 Qe8) 35... Qe8 (35... Re1+ $2 36. Kg2 Qxa4 37. Qc8+ Re8 38. Qf5) 36. Qf3 (36. Rxc7 Re1+ 37. Kg2 Ne3+ 38. Kf2 Rf1+ 39. Ke2 Rxf5 40. Kd3 Rxd5+ 41. Kc3 Qe5+ 42. Kb3 Rxd2 43. Rc8+ Kg7 44. Rc7+ Kg6 45. Rc3 Qd5+ 46. Ka3 Nc4+ 47. Rxc4 Qxc4 48. b3 Qc1+ 49. Kb4 Qc5#) 36... Re1+ (36... Rxa4 37. Re2 Qd8 38. Re6 $11) (36... Qxa4 37. Kg2 $17) 37. Kg2 Qe7 (37... Qxa4 38. Re2 Qa1 39. Rxe1 (39. Rxc7 Rg1+ 40. Kh3 Rh1+) 39... Qxe1 40. Rxc7 $17) 38. Kh3 Qd7 39. Kg2 {[%emt 0:00:15] Dodges Nf2} Qxa4 (39... Qe8 $19 {aiming for ...Ne3+.} 40. Rd4 (40. Rxc7 $2 Ne3+ 41. Kh3 Qd8 $19) 40... Re2+ 41. Kg1 Re1+ 42. Kg2 Ne3+ 43. Kh3 Qe7) 40. Re2 $17 {[%emt 0:00:45] Prevents Ne3+} Qa1 {[%emt 0:00:29] ( -> ...Rg1+)} 41. Rxe1 (41. Rxc7 Rg1+ 42. Kh3 Rh1+) 41... Qxe1 42. Rxc7 {[%emt 0:00:34] [#]} Qd2+ (42... b5 $1 $17 43. Kh3 (43. Rc8+ Kg7 $17) 43... Ne5) 43. Kg1 $11 Qe1+ ({Black should try} 43... Qd4+ $11 44. Kh1 Ne5) 44. Kg2 $17 {[%emt 0:00:04] [#]} Qd2+ (44... b5 $1 $17 {...a5 is the strong threat.} 45. Kh3 (45. Rc8+ Kg7 $17) 45... Ne5 46. Rc8+ Kg7) 45. Kg1 $11 Qe1+ {[%emt 0:01:24] A brilliant game!   Weighted Error Value: White=0.20 (precise) /Black=0.19 (very precise)} 1/2-1/2

[Event "14th Chennai GM Open 2023"]
[Site "Chennai"]
[Date "2024.01.01"]
[Round "3.3"]
[White "Sharnarthi Viresh"]
[Black "Fedorov, Alexei"]
[Result "0-1"]
[ECO "E60"]
[WhiteElo "1850"]
[BlackElo "2454"]
[Annotator "RC"]
[PlyCount "118"]
[EventDate "2023.12.31"]
[EventType "swiss"]
[EventCountry "IND"]
[SourceTitle "playchess.com"]
[Source "ChessBase"]
[SourceQuality "1"]
[TimeControl "5400+30"]

1. d4 Nf6 2. Nf3 g6 3. c4 Bg7 4. g3 c5 5. d5 b5 6. cxb5 a6 7. b6 O-O 8. Bg2 d6 9. O-O Nbd7 10. Nc3 Nxb6 11. a4 a5 12. e4 Ba6 13. Re1 Nfd7 14. Bf1 Nc4 15. Nd2 Nxd2 16. Bxd2 c4 17. Rb1 Qb6 18. Nb5 Bxb5 19. axb5 Qxb5 20. b3 Qc5 21. Bxc4 Bd4 22. Be3 Bxe3 23. Rxe3 Ne5 24. Bf1 Rfc8 25. Bh3 Rc7 26. Kg2 Rb8 27. Ra1 Rb4 28. Qe2 Qb6 29. Ra3 a4 30. Qd1 Rd4 31. Qe2 Rc1 32. f4 Rd3 33. fxe5 Qxe3 34. Qxe3 Rxe3 35. exd6 exd6 36. Rxa4 Rc2+ 37. Kf1 Rxb3 38. Ra1 Rxh2 39. Bg2 Rb2 40. e5 Rbxg2 41. Ra8+ Kg7 42. exd6 Ra2 43. Rxa2 Rxa2 44. d7 Ra8 45. d6 Rd8 46. g4 Rxd7 47. g5 Rxd6 48. Kg2 Rd5 49. Kf3 Rxg5 50. Kf4 Kf6 51. Ke4 h5 52. Kf4 h4 53. Ke4 h3 54. Kf4 h2 55. Ke4 h1=Q+ 56. Ke3 Re5+ 57. Kf4 Qf1+ 58. Kg3 Rg5+ 59. Kh2 Qg2# 0-1

[Event "14th Chennai GM Open 2023"]
[Site "Chennai"]
[Date "2024.01.01"]
[Round "3.4"]
[White "Glek, Igor"]
[Black "Khairmode Dhanashree"]
[Result "1-0"]
[ECO "C44"]
[WhiteElo "2429"]
[BlackElo "1849"]
[Annotator "RC"]
[PlyCount "53"]
[EventDate "2023.12.31"]
[EventType "swiss"]
[EventCountry "IND"]
[SourceTitle "playchess.com"]
[Source "ChessBase"]
[SourceQuality "1"]
[TimeControl "5400+30"]

1. e4 e5 2. Nf3 Nf6 3. d3 Nc6 4. g3 d5 5. exd5 Nxd5 6. Bg2 Bg4 7. h3 Bh5 8. O-O Bd6 9. Nbd2 O-O 10. c3 h6 11. Re1 a5 12. Qb3 Nb6 13. a4 Bg6 14. Ne4 Be7 15. Be3 Qxd3 16. Nc5 Qc4 17. Qb5 Na7 18. Qxa5 Nac8 19. Qxa8 Nxa8 20. Nxe5 Qxc5 21. Bxc5 Bxc5 22. Nd7 Ba7 23. Nxf8 Kxf8 24. Bxb7 Nab6 25. a5 Nc4 26. Bxc8 Nxb2 27. Ba6 1-0

[Event "14th Chennai GM Open 2023"]
[Site "Chennai"]
[Date "2024.01.01"]
[Round "3.5"]
[White "Mummana Venkata Ruthvik"]
[Black "Ajay Karthikeyan"]
[Result "1/2-1/2"]
[ECO "B04"]
[WhiteElo "1841"]
[BlackElo "2423"]
[Annotator "RC"]
[PlyCount "86"]
[EventDate "2023.12.31"]
[EventType "swiss"]
[EventCountry "IND"]
[SourceTitle "playchess.com"]
[Source "ChessBase"]
[SourceQuality "1"]
[TimeControl "5400+30"]

1. e4 Nf6 2. e5 Nd5 3. d4 d6 4. Nf3 g6 5. Be2 Bg7 6. O-O O-O 7. Re1 Nb6 8. exd6 cxd6 9. c3 Nc6 10. Na3 h6 11. Nc4 Nxc4 12. Bxc4 e5 13. Bd5 Ne7 14. Bb3 Qc7 15. Qe2 Nc6 16. Be3 Kh7 17. dxe5 dxe5 18. Rad1 b6 19. Bd5 Bb7 20. h4 Rae8 21. h5 Ne7 22. Bxb7 Qxb7 23. Qb5 e4 24. Ne5 Nf5 25. Nd7 Rg8 26. hxg6+ fxg6 27. Nf6+ Bxf6 28. Rd7+ Qxd7 29. Qxd7+ Re7 30. Qc6 Bg7 31. Bd4 Nxd4 32. cxd4 Bxd4 33. Rxe4 Rxe4 34. Qxe4 Bxb2 35. f4 Ba3 36. f5 Bc5+ 37. Kh2 gxf5 38. Qxf5+ Kg7 39. Qd7+ Kf6 40. Qxa7 Bd6+ 41. Kg1 Bc5+ 42. Kh2 Bd6+ 43. Kg1 Bc5+ 1/2-1/2